 Dungeon Crawl Stone Soup version 0.23.2-30-g0e89c35649 (webtiles) character file.

Game seed: 2481284124126802278

23 Kobolds4U the Conjurer (level 2, -2/15 HPs)
             Began as a Deep Elf Conjurer on June 16, 2019.
             Slain by Terence
             ... wielding a +5 flail of holy wrath
              (12 damage)
             ... on level 2 of the Dungeon.
             The game lasted 00:02:06 (1116 turns).

Kobolds4U the Conjurer (Deep Elf Conjurer)          Turns: 1116, Time: 00:02:06

Health: -2/15      AC:  2    Str:  5    XL:     2   Next: 75%
Magic:  5/9        EV: 13    Int: 19    God:
Gold:   77         SH:  0    Dex: 15    Spells: 8/9 levels left

rFire    . . .     SeeInvis .   d - +0 dagger
rCold    . . .     Gourm    .   (no shield)
rNeg     . . .     Faith    .   a - +0 robe
rPois    .         Spirit   .   (no helmet)
rElec    .         Reflect  .   (no cloak)
rCorr    .         Harm     .   (no gloves)
MR       .....                  (no boots)
Stlth    ++........             (no amulet)
HPRegen  0.05/turn              (no ring)
MPRegen  0.11/turn              (no ring)

@: no status effects
A: no striking features
a: no special abilities


You were on level 2 of the Dungeon.
You were not hungry.

You visited 1 branch of the dungeon, and saw 2 of its levels.

You collected 77 gold pieces.

Inventory:

Hand Weapons
 d - a +0 dagger (weapon)
Missiles
 j - a throwing net (quivered)
Armour
 a - a +0 robe (worn)
 i - a +0 plate armour
Scrolls
 b - a scroll of blinking {unknown}
 f - 2 scrolls of identify {unknown}
 k - 2 scrolls of fear {unknown}
Potions
 e - 4 potions of curing {unknown}
 g - a potion of brilliance {unknown}
 h - a potion of invisibility {unknown}
 m - a potion of resistance {unknown}
Comestibles
 c - 2 rations
 l - 4 chunks of flesh


   Skills:
 - Level 2.4 Dodging
 - Level 2.4 Stealth
 * Level 4.1 Spellcasting
 + Level 4.8 Conjurations


You had 8 spell levels left.
You knew the following spells:

 Your Spells              Type           Power        Failure   Level  Hunger
a - Magic Dart            Conj           ###.         1%          1    None

Your spell library contained the following spells:

 Spells                   Type           Power        Failure   Level  Hunger
 Searing Ray              Conj           ###...       2%          2    ##.....
 Dazzling Spray           Conj/Hex       ##....       16%         3    ###....
 Iskenderun's Mystic Bla  Conj           ###.....     19%         4    ####...
 Force Lance              Conj/Tloc      ##......     45%         4    ####...
 Fulminant Prism          Conj/Hex       ##........   45%         4    ####...


Dungeon Overview and Level Annotations

Branches:
Dungeon (2/15)

Altars:
Gozag
Wu Jian

Annotations:
D:2 Terence


Message History

Terence is lightly wounded.
Terence misses you.
Casting: Magic Dart (safe; 1% risk of failure)
Confirm with . or Enter, or press ? or * to list all spells.
Aiming: Magic Dart (safe; 1% risk of failure)
Press: ? - help, Shift-Dir - straight line, f/p - Terence
Aim: Terence, wielding a +5 flail of holy wrath and wearing a +0 scale mail (lightly wounded, unusually agile)
The magic dart hits Terence.
Terence is moderately wounded.
Terence hits you with a +5 flail of holy wrath.
Casting: Magic Dart (safe; 1% risk of failure)
Confirm with . or Enter, or press ? or * to list all spells.
Aiming: Magic Dart (safe; 1% risk of failure)
Press: ? - help, Shift-Dir - straight line, f/p - Terence
Aim: Terence, wielding a +5 flail of holy wrath and wearing a +0 scale mail (moderately wounded, unusually agile)
The magic dart hits Terence.
Terence is heavily wounded.
Terence hits you with a +5 flail of holy wrath!
Ouch! That really hurt!
You die...

........)..# †..........##
............# .<........#.#
.........#..## .
####.........# #+# ...
#..###.....###.###....
#.#....#..............
###.#.#.........@@......
....#...###.............
#.....## ##............
#.....## ##............
.......## .............# .##
..####..##..........##.# ..#
..## ##..#..........# ).....
#.# #..## ##.#........(..
..#.# #..
....####..##..##....####...#
#..


You could see Terence.

Vanquished Creatures
  A dart slug (D:1)
  6 bats (D:1)
  6 goblins
  2 jackals (D:1)
  2 kobolds
  A ball python (D:2)
  A frilled lizard (D:1)
  A rat (D:2)
20 creatures vanquished.

Notes
Turn   | Place    | Note
-------+----------+-------------------------------------------
     0 | D:1      | Kobolds4U the Deep Elf Conjurer began the quest for the
                  | Orb.
     0 | D:1      | Reached XP level 1. HP: 10/10 MP: 6/6
   283 | D:1      | Reached XP level 2. HP: 15/15 MP: 6/8
   999 | D:2      | Found an ornate altar of the Wu Jian Council.
  1003 | D:2      | Found an opulent altar of Gozag.
  1107 | D:2      | Noticed Terence
  1116 | D:2      | Slain by Terence

Skill      XL: |  1  2 |
---------------+-------+-----
Spellcasting   | 4 |  4.1
Dodging        | |  2.4
Stealth        | |  2.4
Conjurations   | |  4.8

Action                   || total
-------------------------++-------
Melee: Dagger            ||     2
 Cast: Magic Dart        ||    40
Dodge: Dodged            ||     4
